 Dungeon Crawl Stone Soup version 0.21.1-1-g345015fe64 (webtiles) character file.

3809 Oravi the Martial Artist (level 10, -15/65 HPs)
             Began as a Merfolk Transmuter on Apr 28, 2018.
             Was a Believer of Dithmenos.
             Demolished by a red ugly thing (23 damage)
             ... on level 6 of the Dungeon.
             The game lasted 00:46:18 (8604 turns).

Oravi the Martial Artist (Merfolk Transmuter)       Turns: 8604, Time: 00:46:20

Health: -15/65     AC:  2    Str: 16    XL:     10   Next: 17%
Magic:  10/13      EV: 27    Int: 16    God:    Dithmenos [**....]
Gold:   179        SH:  0    Dex: 24    Spells: 4/13 levels left

rFire    . . .     SeeInvis .     - Unarmed
rCold    . . .     Gourm    .   (shield currently unavailable)
rNeg     . . .     Faith    .   (armour currently unavailable)
rPois    x         Spirit   .   (helmet currently unavailable)
rElec    .         Reflect  .   (cloak currently unavailable)
rCorr    .         Harm     .   (gloves currently unavailable)
MR       .....                  (boots currently unavailable)
Stlth    ++........             (no amulet)
HPRegen  0.20/turn              D - +5 ring of dexterity
MPRegen  0.13/turn              C - +4 ring of evasion

@: mighty, spider-form, wreathed by umbra
A: tiny, (change form in water), (swift swim), (stealthy swim)
a: End Transformation, Shadow Step, Renounce Religion


You were on level 6 of the Dungeon.
You worshipped Dithmenos.
Dithmenos was pleased with you.
You were very hungry.
You were a venomous arachnid creature.
You visited 2 branches of the dungeon, and saw 8 of its levels.

You collected 245 gold pieces.
You spent 66 gold pieces at shops.

Inventory:

Hand Weapons
 B - the cursed +0 spear "Loip Goq" {vamp, rElec rPois Int+2, unknown}
   (You found it on level 6 of the Dungeon)

   It inflicts no extra harm, but heals its wielder when it wounds a living foe.
   It affects your intelligence (+2).
   It insulates you from electricity.
   It protects you from poison.
   It has a curse placed upon it.
Missiles
 a - 96 arrows
 k - 238 stones (quivered)
 p - 3 tomahawks
 J - 4 javelins
Armour
 b - a +0 robe (melded)
 r - a +0 pair of boots (melded)
 s - a +1 helmet (melded)
Jewellery
 m - an uncursed ring of protection from magic
 n - an uncursed ring of protection from cold
 q - an uncursed ring of see invisible
 x - an uncursed amulet of guardian spirit
 y - an uncursed ring of resist corrosion
 C - a +4 ring of evasion (right front leg)
 D - a +5 ring of dexterity (left front leg)
Wands
 G - a wand of scattershot (4)
Scrolls
 i - 4 scrolls of enchant weapon
 j - 4 scrolls of amnesia
 o - 2 scrolls of remove curse
 t - 3 scrolls of fear
 A - a scroll of torment {unknown}
 I - a scroll of identify
Potions
 e - a potion of might
 g - a potion of resistance
 l - a potion of curing
 u - 2 potions of brilliance
 w - a potion of berserk rage
 z - a potion of flight {unknown}
 E - 2 potions of lignification {unknown}
 F - a potion of invisibility {unknown}
Books
 c - a book of Changes

   Spells                             Type                      Level
   a - Beastly Appendage              Transmutation                1
   b - Sticks to Snakes               Transmutation                2
   c - Spider Form                    Transmutation/Poison         3
   d - Ice Form                       Ice/Transmutation            4
   e - Blade Hands                    Transmutation                5
 H - the Volume of Toxic Transmigration
   (You found it on level 6 of the Dungeon)

   Spells                             Type                      Level
   a - Olgreb's Toxic Radiance        Poison                       4
   b - Yara's Violent Unravelling     Hexes/Transmutation          5
   c - Statue Form                    Transmutation/Earth          6
Comestibles
 d - 14 rations


   Skills:
 - Level 1.1 Fighting
 * Level 3.6 Dodging
 + Level 11.2 Unarmed Combat
 - Level 2.0 Spellcasting
 - Level 11.1 Transmutations
 - Level 5.0 Ice Magic
 - Level 3.1 Poison Magic


You had 4 spell levels left.
You knew the following spells:

 Your Spells              Type           Power        Failure   Level  Hunger
a - Spider Form           Tmut/Pois      ###.......   11%         3    ###....
b - Sticks to Snakes      Tmut           #####...     2%          2    ###....
c - Ice Form              Ice/Tmut       ####....     21%         4    #####..


Dungeon Overview and Level Annotations

Branches:
Dungeon (7/15)             Temple (1/1) D:4

Altars:
Cheibriados
Dithmenos
Elyvilon
Fedhas
Gozag
Hepliaklqana
Kikubaaqudgha
Nemelex Xobeh
Okawaru
Qazlal
Ru
Sif Muna
Trog
Uskayaw
Vehumet
Xom
Yredelemnul
Zin
Lugonu

Shops:
D:2 *   D:4 *

Annotations:
D:7 1 runed door, Tali's ghost, novice DsBe


Message History

Confirm with . or Enter, or press ? or * to list all spells.
You turn into a venomous arachnid creature.
Your +1 helmet melds into your body.
Your +0 pair of boots melds into your body.
Your +0 robe melds into your body.
The red ugly thing headbutts you!
You are engulfed in flames!
* * * LOW HITPOINT WARNING * * *
You feel very mighty all of a sudden. The red ugly thing closely misses you.
You maul the red ugly thing!!
The red ugly thing looks as sick as possible!
The red ugly thing is moderately wounded.
The red ugly thing completely misses you.
You bite the red ugly thing!
The red ugly thing looks as sick as possible!
The red ugly thing is heavily wounded.
The red ugly thing headbutts you!
* * * LOW HITPOINT WARNING * * *
You are engulfed in flames!!
You die...

...# #..#...#### #### #......#
## #.##...## #. #.#.###.### #.
#..## ##).# #. #.## ##.#######
#. #.# #.......# ## ###### #.##
##u#####.# # .....# ##.## ##.s#
#.# # ####.# ##.###.#.# #># #
#.# #....##.# #.# ##### #.#
#.#.....#####.######...#
#.#####.####.......#.....#.8[#
##.##..............#.######...#
#.....##.####.####.#.# ####'###
##.#####.# #.# #.#.# #..#....
### #.####.####.#.# #.##....


You could see a red ugly thing.

Vanquished Creatures
  Pikel (D:5)
  The ghost of Emanloe the Abyss-Baptised, an amateur DsAK of Lugonu (D:5)
  A yak (D:7)
  Eustachio (D:5)
  Edmund (D:4)
  A hungry ghost (D:6)
  A sky beast (D:6)
  3 orc warriors
  2 ice beasts (D:7)
  2 slaves (D:5)
  5 ogres
  A necrophage (D:5)
  A phantom (D:4)
  5 bullfrogs
  A killer bee (D:6)
  A vampire bat (D:2)
  4 howler monkeys
  6 crimson imps
  An orc priest (D:5)
  5 hounds
  An orc wizard (D:5)
  8 worker ants
  A hound skeleton (D:5)
  3 worker ant zombies
  Robin (D:2)
  5 gnolls
  12 adders
  A shadow imp (D:5)
  2 oozes (D:2)
  2 worms
  4 leopard geckos
  21 orcs
  A ball python (D:1)
  4 bats
  3 bat skeletons (D:2)
  3 bat zombies (D:2)
  6 giant cockroaches
  14 goblins
  7 hobgoblins
  7 jackals
  6 kobolds
  4 quokkas
  5 frilled lizards
  7 rats
172 creatures vanquished.

Vanquished Creatures (others)
  A leopard gecko (D:5)
1 creature vanquished.

Grand Total: 173 creatures vanquished

Notes
Turn   | Place    | Note
-------+----------+-------------------------------------------
     0 | D:1      | Oravi the Merfolk Transmuter began the quest for the Orb.
     0 | D:1      | Reached XP level 1. HP: 15/15 MP: 3/3
   229 | D:1      | Reached XP level 2. HP: 21/21 MP: 3/5
   699 | D:2      | Found Gozag's Platinum Reserve.
   699 | D:2      | Noticed Robin
   770 | D:2      | Reached XP level 3. HP: 22/26 MP: 3/6
   774 | D:2      | Learned a level 2 spell: Sticks to Snakes
   778 | D:2      | Learned a level 3 spell: Spider Form
   875 | D:2      | Found an ancient bone altar of Kikubaaqudgha.
   897 | D:2      | Reached XP level 4. HP: 14/32 MP: 4/7
  1540 | D:2      | Found an opulent altar of Gozag.
  1767 | D:2      | Reached skill level 5 in Unarmed Combat
  1918 | D:2      | Reached XP level 5. HP: 37/37 MP: 4/8
  1967 | D:2      | Reached skill level 5 in Transmutations
  1974 | D:2      | Killed Robin
  2619 | D:3      | Found a deep blue altar of Sif Muna.
  3031 | D:3      | Reached skill level 1 in Poison Magic
  3141 | D:3      | Found a basalt altar of Yredelemnul.
  3256 | D:3      | Found a white marble altar of Elyvilon.
  3368 | D:4      | Reached XP level 6. HP: 37/43 MP: 7/9
  3428 | D:4      | Noticed a phantom
  3430 | D:4      | Noticed Edmund
  3612 | D:4      | Found Giypnebb's Assorted Antiques.
  3624 | D:4      | Bought a scroll labeled OBAETZE MUXIL for 22 gold pieces
  3624 | D:4      | Bought a scroll labeled VILIVE LEQAW for 22 gold pieces
  3624 | D:4      | Bought a scroll labeled KUULO NOPOY for 22 gold pieces
  3677 | D:4      | Reached XP level 7. HP: 44/48 MP: 1/10
  3879 | D:4      | Killed Edmund
  4879 | D:4      | Found a staircase to the Ecumenical Temple.
  4895 | Temple   | Entered the Ecumenical Temple
  4908 | Temple   | Became a worshipper of Dithmenos the Shadowed
  4968 | D:5      | Entered Level 5 of the Dungeon
  4970 | D:5      | Noticed Pikel
  5018 | D:5      | Reached XP level 8. HP: 54/54 MP: 7/11
  5029 | D:5      | Learned a level 4 spell: Ice Form
  5350 | D:5      | Killed Pikel
  5484 | D:5      | Noticed Emanloe's ghost (amateur DsAK)
  5568 | D:5      | Noticed Eustachio
  5638 | D:5      | Killed Emanloe's ghost
  5675 | D:5      | Killed Eustachio
  5675 | D:5      | Reached XP level 9. HP: 43/59 MP: 4/12
  5800 | D:5      | Found an iron altar of Okawaru.
  5802 | D:5      | Found a bloodstained altar of Trog.
  5860 | D:5      | Reached skill level 10 in Transmutations
  6743 | D:6      | Got a bloodstained spear
  6830 | D:6      | Found a blossoming altar of Fedhas.
  6830 | D:6      | Found a sacrificial altar of Ru.
  6903 | D:6      | Reached * piety under Dithmenos
  7031 | D:6      | Reached skill level 10 in Unarmed Combat
  7395 | D:6      | Identified the Volume of Toxic Transmigration
  7745 | D:7      | Reached ** piety under Dithmenos
  7884 | D:7      | Noticed Tali's ghost (novice DsBe)
  8026 | D:7      | Noticed a red ugly thing
  8028 | D:7      | Reached XP level 10. HP: 54/65 MP: 10/13
  8033 | D:7      | Noticed a cyclops
  8362 | D:7      | Found a runed door.
  8405 | D:7      | Reached skill level 5 in Ice Magic
  8604 | D:6      | Demolished by a red ugly thing

Skill      XL: |  1  2  3  4  5  6  7  8  9 10 |
---------------+-------------------------------+-----
Transmutations | 3 4 5 6 7 9 11 | 11.1
Unarmed Combat | 4 5 7 8 10 11 | 11.2
Poison Magic   | 1 2 3 |  3.1
Ice Magic      | 2 4 5 |  5.0
Dodging        | 3 |  3.6
Fighting       | |  1.1
Spellcasting   | |  2.0

Action                   |  1- 3 |  4- 6 |  7- 9 | 10-12 || total
-------------------------+-------+-------+-------+-------++-------
Melee: Unarmed           |    79 |   181 |   297 |    40 ||   597
       Headbutt          |     9 |     5 |       |       ||    14
       Punch             |     2 |     2 |       |       ||     4
Throw: Stone             |    15 |    35 |       |       ||    50
 Cast: Beastly Appendage |    14 |     8 |       |       ||    22
       Spider Form       |     1 |    27 |    38 |     4 ||    70
       Sticks to Snakes  |       |     2 |     3 |       ||     5
  Use: Scroll            |       |    12 |     5 |     1 ||    18
       Potion            |       |     2 |     1 |     2 ||     5
 Stab: Sleeping          |     1 |     1 |     1 |       ||     3
       Distracted        |       |       |     1 |     1 ||     2
  Eat: Chunk             |       |    10 |    17 |     1 ||    28
       Ration            |       |     1 |     1 |       ||     2
Armor: Robe              |    17 |    18 |     1 |       ||    36
       Skin              |     1 |     4 |     5 |       ||    10
Dodge: Dodged            |    92 |   143 |   202 |    44 ||   481
